 Dungeon Crawl Stone Soup version 0.28-a0-10-g964c8b829e (webtiles) character file.

Game seed: 6939593957652485078

1675 bobarctor the Thaumaturge (level 8, -5/42 HPs)
             Began as a Deep Elf Necromancer on July 25, 2021.
             Was a Follower of Kikubaaqudgha.
             Slain by a hornet (11 damage)
             ... while paralysed by a hornet
             ... on level 7 of the Dungeon on July 26, 2021.
             The game lasted 00:49:09 (9242 turns).

bobarctor the Thaumaturge (Deep Elf Necromancer)    Turns: 9242, Time: 00:49:10

Health: -5/42      AC:  2    Str:  5    XL:     8   Next: 70%
Magic:  16/24      EV:  2    Int: 23    God:    Kikubaaqudgha [*.....]
Gold:   345        SH:  0    Dex: 15    Spells: 8/27 levels left

rFire   . . .      SeeInvis .   v - +0 dagger (venom)
rCold   + . .      Faith    .   (no shield)
rNeg    . . .      Spirit   .   a - +0 robe
rPois   .          Reflect  .   (helmet restricted)
rElec   .          Harm     .   (no cloak)
rCorr   .          Rampage  .   (no gloves)
Will    +....                   (no boots)
Stlth   ++........              y - amulet of magic regeneration
HPRegen 0.14/turn               q - ring of protection from cold
MPRegen 0.44/turn               s - +4 ring of evasion

@: paralysed, lethally poisoned (-5 -> -12), very slightly contaminated, slowed
A: antennae 1, hooves 1, strong-willed 1, wild magic 1, sturdy frame 1
a: Renounce Religion, Receive Corpses


You were on level 7 of the Dungeon.
You worshipped Kikubaaqudgha.
Kikubaaqudgha was aware of your devotion.
You visited 1 branch of the dungeon, and saw 7 of its levels.

You collected 345 gold pieces.

Inventory:

Hand Weapons
 m - a +0 long sword
 v - a +0 dagger of venom (weapon)
Missiles
 c - 4 curare-tipped darts
 f - 257 stones (quivered)
 j - 25 arrows
 k - 8 poisoned darts
 l - a throwing net
 z - 58 bolts
Armour
 a - a +0 robe (worn)
Magical Staves
 t - a staff of conjuration
Jewellery
 q - a ring of protection from cold (left hand)
 s - a +4 ring of evasion (right hand)
 y - an amulet of magic regeneration (around neck)
 B - a ring of protection from fire
Wands
 p - a wand of iceblast (5)
 u - a wand of polymorph (7)
 C - a wand of paralysis (9)
Scrolls
 b - 4 scrolls of fear {unknown}
 d - a scroll of immolation {unknown}
 e - a scroll of vulnerability {unknown}
 h - 3 scrolls of acquirement {unknown}
 n - a scroll of blinking {unknown}
 o - 3 scrolls of amnesia {unknown}
 r - 2 scrolls of enchant weapon {unknown}
 D - a scroll of summoning {unknown}
Potions
 g - 2 potions of curing
 i - 2 potions of heal wounds
 w - a potion of brilliance
 x - a potion of resistance
 A - a potion of flight {unknown}


   Skills:
 + Level 0.6 Fighting
 * Level 2.6 Short Blades
 + Level 3.0 Dodging
 + Level 3.5 Stealth
 * Level 10.3 Spellcasting
 * Level 4.6 Hexes
 + Level 2.5 Summonings
 + Level 8.0 Necromancy


You had 8 spell levels left.
You knew the following spells:

 Your Spells              Type           Power      Damage    Failure   Level
a - Pain                  Necr           100%       1d9       1%          1
b - Vampiric Draining     Necr           29%        2d10      1%          3
c - Call Canine Familiar  Summ           30%        N/A       10%         3
d - Leda's Liquefaction   Hex/Erth       14%        N/A       30%         4
e - Animate Dead          Necr           29%        N/A       3%          4
f - Sublimation of Blood  Necr           29%        N/A       1%          2
g - Slow                  Hex            42%        N/A       2%          2

Your spell library contained the following spells:

 Spells                   Type           Power      Damage    Failure   Level
 Animate Skeleton         Necr           100%       N/A       1%          1
 Confusing Touch          Hex            42%        N/A       4%          3
 Agony                    Necr           59%        N/A       9%          5
 Portal Projectile        Hex/Tloc       58%        N/A       10%         3


Dungeon Overview and Level Annotations

Branches:
Dungeon (7/15)
 Temple: D:4-7

Altars:
Kikubaaqudgha
Yredelemnul

Annotations:
D:5 3 runed translucent doors, Papr's ghost, amateur DsGl


Innate Abilities, Weirdness & Mutations

You have a pair of small antennae on your head.
You have large cloven feet.
You are strong-willed. (Will+)
Your spells are a little harder to cast, but a little more powerful.
Your movements are slightly less encumbered by armour. (ER -2)


Message History

Casting: Pain (safe; 1% risk of failure)
Confirm with . or Enter, or press ? or * to list all spells.
Aiming: Pain (safe; 1% risk of failure)
Press: ? - help, Shift-Dir - straight line, f/p - hornet
Aim: a hornet (lightly wounded, chance to affect: 78%)
The hornet barely resists.
The hornet stings you!
You feel yourself slow down.
Casting: Pain (safe; 1% risk of failure)
Confirm with . or Enter, or press ? or * to list all spells.
Aiming: Vampiric Draining (safe; 1% risk of failure)
Press: ? - help, Shift-Dir - straight line, f/p - hornet
Aim: a hornet (lightly wounded)
You draw life force from the hornet!
You feel life coursing into your body. The hornet barely misses you. x2
Casting: Vampiric Draining (safe; 1% risk of failure)
Confirm with . or Enter, or press ? or * to list all spells.
Aiming: Vampiric Draining (safe; 1% risk of failure)
Press: ? - help, Shift-Dir - straight line, f/p - hornet
Aim: a hornet (heavily wounded)
You draw life force from the hornet!
You feel life coursing into your body. The hornet stings you!
You feel as though you will be slow longer.
The hornet barely misses you.
Unknown command.
Casting: Vampiric Draining (safe; 1% risk of failure)
Confirm with . or Enter, or press ? or * to list all spells.
Aiming: Vampiric Draining (safe; 1% risk of failure)
Press: ? - help, Shift-Dir - straight line, f/p - hornet
Aim: a hornet (severely wounded)
You miscast Vampiric Draining.
You are very lightly contaminated with residual magic.
Nothing appears to happen.
The hornet stings you!
You suddenly lose the ability to move!
The hornet stings you.
* * * LOW HITPOINT WARNING * * *
You are lethally poisoned!
You feel as though you will be slow longer.
* * * LOW HITPOINT WARNING * * *
You feel very sick. The hornet stings you!
You die...
Kikubaaqudgha rasps: "You have failed me!
Welcome... death!"

#.#.## #....## (.....
###....# ....#.#
#.....## #.y....#.#
#.@# #.#.# ###..#
#.#.# ..#....# #.#.# #
#.#.##.# #.#.# #.
#.#.##.###.#.#
##.##.#........#.#####
..........###.......#
..............###.#
##.#.######.### #.#


You could see a hornet.

Vanquished Creatures
  Sigmund (D:4)
  2 water moccasins (D:5)
  2 ice beasts
  An ogre (D:5)
  2 black bears
  A bullfrog (D:6)
  A scorpion (D:5)
  A water moccasin zombie (D:5)
  A water moccasin skeleton (D:6)
  A jelly (D:6)
  3 hounds (D:5)
  3 orc priests
  5 iguanas
  2 orc wizards
  A killer bee zombie (D:6)
  A hound zombie (D:5)
  A howler monkey skeleton (D:7)
  3 adders
  8 gnolls
  A white imp (D:5)
  4 dart slugs
  4 worms
  12 orcs
  4 bats
  9 endoplasms
  4 giant cockroaches
  12 goblins
  10 hobgoblins
  11 jackals
  6 kobolds
  4 quokkas
  6 ball pythons
  A frilled lizard (D:1)
  A quokka skeleton (D:4)
  6 rats
135 creatures vanquished.

Vanquished Creatures (collateral kills)
  A necrophage (D:6)
  Ijyb (D:3)
  A killer bee zombie (D:4)
  A gnoll (D:2)
  An ufetubus (D:5)
  A goblin (D:3)
6 creatures vanquished.

Grand Total: 141 creatures vanquished

Notes
Turn   | Place    | Note
-------+----------+-------------------------------------------
     0 | D:1      | bobarctor the Deep Elf Necromancer began the quest for the
                  | Orb.
     0 | D:1      | Reached XP level 1. HP: 10/10 MP: 6/6
    72 | D:1      | Reached skill level 5 in Necromancy
   358 | D:1      | Reached XP level 2. HP: 14/15 MP: 6/8
  1096 | D:1      | Reached XP level 3. HP: 18/19 MP: 8/10
  1100 | D:1      | Reached skill level 4 in Spellcasting
  1352 | D:1      | Upgraded the game from 0.28-a0-8-g6e044cfa68 to
                  | 0.28-a0-10-g964c8b829e
  1364 | D:1      | Learned a level 3 spell: Vampiric Draining
  1364 | D:1      | Found a faded altar of an unknown god.
  1371 | D:1      | Learned a level 3 spell: Call Canine Familiar
  1632 | D:2      | Reached XP level 4. HP: 17/24 MP: 5/12
  1637 | D:2      | Learned a level 4 spell: Leda's Liquefaction
  1867 | D:2      | Reached skill level 5 in Spellcasting
  2906 | D:3      | Reached XP level 5. HP: 27/28 MP: 12/14
  3056 | D:3      | Reached skill level 1 in Hexes
  3713 | D:3      | Noticed an ice beast
  3724 | D:3      | Killed an ice beast
  3725 | D:3      | Reached skill level 6 in Spellcasting
  3810 | D:3      | Reached XP level 6. HP: 30/32 MP: 14/17
  3896 | D:3      | Noticed Ijyb
  3913 | D:3      | Killed Ijyb
  5050 | D:4      | Found an ancient bone altar of Kikubaaqudgha.
  5074 | D:4      | Became a worshipper of Kikubaaqudgha
  5148 | D:4      | Reached skill level 7 in Spellcasting
  5979 | D:4      | Reached skill level 1 in Summonings
  5979 | D:4      | Reached XP level 7. HP: 32/36 MP: 16/20
  6080 | D:4      | Noticed Sigmund
  6166 | D:4      | Killed Sigmund
  6369 | D:4      | Learned a level 4 spell: Animate Dead
  6377 | D:5      | Entered Level 5 of the Dungeon
  6402 | D:5      | Gained mutation: Your body sometimes deteriorates upon
                  | taking damage. [potion of mutation]
  6403 | D:5      | Gained mutation: You sometimes lose the ability to read
                  | scrolls when taking damage. [potion of mutation]
  6403 | D:5      | Lost mutation: You sometimes lose the ability to read
                  | scrolls when taking damage. [potion of mutation]
  6403 | D:5      | Gained mutation: You have a pair of small antennae on your
                  | head. [potion of mutation]
  6404 | D:5      | Lost mutation: Your body sometimes deteriorates upon taking
                  | damage. [potion of mutation]
  6404 | D:5      | Gained mutation: You have large cloven feet. [potion of
                  | mutation]
  6404 | D:5      | Gained mutation: You are strong-willed. (Will+) [potion of
                  | mutation]
  6404 | D:5      | Gained mutation: Your movements are slightly less
                  | encumbered by armour. (ER -2) [potion of mutation]
  6404 | D:5      | Gained mutation: Your spells are a little harder to cast,
                  | but a little more powerful. [potion of mutation]
  6460 | D:5      | Reached skill level 1 in Short Blades
  6460 | D:5      | Reached skill level 8 in Spellcasting
  6776 | D:5      | Found a runed translucent gate.
  6776 | D:5      | Found a runed translucent gate.
  6776 | D:5      | Found a runed translucent gate.
  6776 | D:5      | Noticed Papr's ghost (amateur DsGl)
  6778 | D:5      | Found a basalt altar of Yredelemnul.
  6960 | D:5      | Reached skill level 9 in Spellcasting
  7022 | D:5      | Reached XP level 8. HP: 34/41 MP: 10/23
  7826 | D:5      | Reached * piety under Kikubaaqudgha
  7826 | D:5      | Received a gift from Kikubaaqudgha
  7831 | D:5      | Learned a level 2 spell: Sublimation of Blood
  7834 | D:5      | Learned a level 2 spell: Slow
  8433 | D:6      | Reached skill level 10 in Spellcasting
  9235 | D:7      | Noticed a hornet
  9241 | D:7      | Paralysed by a hornet for 3 turns
  9242 | D:7      | Slain by a hornet

Illustrated notes

Levels and vault maps discovered:
D:1:      lemuel_arrival_hallway, layout_basic,
          chequers_ecumenical_altar_simple, minmay_strange_pillars
D:2:      layout_loops_cross, serial_glass, glass_columns_a, glass_columns_b
D:3:      kennysheep_goblin_castle, layout_loops_ring, eino_tiny_chamber,
          uniq_ijyb
D:4:      layout_loops_corners, amcnicky_altar_gilded, uniq_sigmund
D:5:      layout_basic, nicolae_yredelemnul_ghost_church
D:6:      layout_basic, hangedman_decor_lopped
D:7:      layout_loops_ring, minitemple, minmay_temple_entry_enclosed_plants,
          minivault_27, roderic_lattice_a

Skill      XL: |  1  2  3  4  5  6  7  8 |
---------------+-------------------------+-----
Necromancy     | 5 6 7 8 |  8.0
Spellcasting   | 4 5 6 7 9 10 | 10.3
Hexes          | 2 3 4 |  4.6
Summonings     | 1 2 |  2.5
Short Blades   | 1 2 |  2.6
Stealth        | 3 |  3.5
Dodging        | 3 |  3.0
Fighting       | |  0.6

Action                   |  1- 3 |  4- 6 |  7- 9 || total
-------------------------+-------+-------+-------++-------
Melee: Dagger            |       |    36 |    76 ||   112
       Kick              |       |       |    14 ||    14
Throw: Dart              |     4 |    12 |     6 ||    22
       Stone             |       |       |     1 ||     1
 Cast: Pain              |    60 |   117 |    52 ||   229
       Vampiric Draining |       |    17 |    23 ||    40
       Call Canine Famil |       |     7 |    14 ||    21
  Use: Scroll            |       |       |     6 ||     6
       Potion            |       |       |     3 ||     3
 Stab: Distracted        |       |       |     2 ||     2
       Sleeping          |       |       |     1 ||     1
Armor: Robe              |     2 |     7 |     7 ||    16
Dodge: Dodged            |     8 |    38 |    76 ||   122

Table legend: (Time is in decaauts)
 A = Elapsed time spent in this place.
 B = Non-inter-level travel time spent in this place.
 C = Inter-level travel time spent in this place.
 D = Time resting spent in this place.
 E = Time spent auto-exploring this place.
 F = Levels seen in this place.
 G = Mean time per level.
                   A        B        C        D        E       F      G
               +--------+--------+--------+--------+--------+-----+--------+
         Total |   9237 |   9032 |    205 |   3258 |   4517 |   7 | 1319.6 |
       Dungeon |   9237 |   9032 |    205 |   3258 |   4517 |   7 | 1319.6 |
               +--------+--------+--------+--------+--------+-----+--------+

Top non-repeatable levels by time:
     D:5: 1851 daAuts
     D:4: 1676 daAuts
     D:3: 1606 daAuts
     D:2: 1560 daAuts
     D:1: 1533 daAuts
     D:6: 880 daAuts
     D:7: 129 daAuts
